[Event "*** Titled Tuesday Blitz"]
[Site "Chess.com"]
[Date "2021.04.20"]
[Round "2"]
[White "Nara_Kh"]
[Black "BJthechessgod"]
[Result "0-1"]
[WhiteElo "2458"]
[BlackElo "2300"]
[TimeControl "180+1"]
[EndTime "10:16:54 PDT"]
[Termination "BJthechessgod won by checkmate"]

1. e4 c6 2. Nc3 d5 3. Nf3 dxe4 4. Nxe4 Nf6 5. Qe2 Bg4 6. Nxf6+ gxf6 7. g3 Nd7 8. Bg2 Ne5 9. O-O Nxf3+ 10. Bxf3 Bxf3 11. Qxf3 Qd5 12. Qc3 O-O-O 13. a4 h5 14. h4 Rg8 15. a5 Bh6 16. a6 b6 17. d4 Bxc1 18. Raxc1 f5 19. Kh2 f4 20. Rfe1 fxg3+ 21. fxg3 e6 22. Re5 Qd6 23. Rf1 f5 24. Rfe1 Rg6 25. Qf3 Rdg8 26. Rg1 Kd7 27. c3 Rg4 28. Rg2 f4 29. Rxh5 Rxg3 30. Rh7+ Kc8 31. Rxg3 Rxg3 32. Qh5 Rg8 33. Qf7 f3+ 34. Kh1 Rg1+ 35. Kxg1 Qg3+ 36.
Kf1 Qg2+ 37. Ke1 Qe2# 0-1

[Event "*** Titled Tuesday Blitz"]
[Site "Chess.com"]
[Date "2021.04.20"]
[Round "2"]
[White "I_Enchev"]
[Black "Firouzja2003"]
[Result "0-1"]
[WhiteElo "2608"]
[BlackElo "3140"]
[TimeControl "180+1"]
[EndTime "10:16:58 PDT"]
[Termination "Firouzja2003 won by resignation"]

1. d4 b6 2. c4 Bb7 3. Nc3 e6 4. a3 f5 5. d5 Na6 6. g3 Nf6 7. Bg2 Bd6 8. Nh3 O-O 9. O-O Qe7 10. b4 c6 11. Bb2 cxd5 12. cxd5 e5 13. Qd2 Nc7 14.
e4 f4 15. f3 Nh5 16. g4 Nf6 17. Nf2 a5 18. b5 a4 19. Qc2 Rfc8 20. Nxa4 Ncxd5 21. Qb3 Rxa4 22. Qxa4 Ne3 23. Rfc1 Bc5 24. Qb3+ Kh8 25. a4 h5 26. g5 Nxe4 27. fxe4 Qxg5 28. Qxe3 fxe3 29. Nh3 Qg4 30. Rc4 d5 31. Rxc5 Rxc5 32. Bxe5 Rc2 33. Nf4 d4 34. h3 Qg5 35. Bd6 Bxe4 36. h4 Rxg2+ 0-1

[Event "*** Titled Tuesday Blitz"]
[Site "Chess.com"]
[Date "2021.04.20"]
[Round "2"]
[White "Sibelephant"]
[Black "SirStrateg"]
[Result "1-0"]
[WhiteElo "3100"]
[BlackElo "2606"]
[TimeControl "180+1"]
[EndTime "10:16:58 PDT"]
[Termination "Sibelephant won by resignation"]

1. d4 d6 2. Nf3 Bg4 3. Qd3 c6 4. g3 Nd7 5. Bg2 e5 6. O-O Ngf6 7. Nc3 Be7 8. h3 Bh5 9. Nh4 O-O 10. Nf5 Bg6 11.
e3 d5 12. Nxe7+ Qxe7 13. Qd2 Rfe8 14. b3 exd4 15. exd4 Ne4 16. Nxe4 Bxe4 17. Re1 Qd6 18. Bxe4 Rxe4 19. Rxe4 dxe4 20. Qe3 Nf6 21. c4 b5 22. Kg2 bxc4 23. bxc4 Qe6 24. Qe2 Rb8 25. Be3 h6 26. Rc1 Rb4 27. Rc3 a5 28. Qc2 Nd7 29. a3 Rb7 30.
Qa4 Nb6 31. Qxa5 Nxc4 32. Qa8+ 1-0

[Event "*** Titled Tuesday Blitz"]
[Site "Chess.com"]
[Date "2021.04.20"]
[Round "2"]
[White "LittleMyMoomin"]
[Black "Eloist"]
[Result "0-1"]
[WhiteElo "1904"]
[BlackElo "2372"]
[TimeControl "180+1"]
[EndTime "10:16:58 PDT"]
[Termination "Eloist won by resignation"]

1. Nf3 Nf6 2. g3 b6 3. Bg2 Bb7 4. O-O e6 5. c4 Be7 6. d4 O-O 7. Qc2 c5 8. Nc3 cxd4 9. Nxd4 Bxg2 10. Kxg2 Qc7 11. b3 a6 12. Bg5 Qb7+ 13. Kg1 h6 14. Bxf6 Bxf6 15. Rfd1 d6 16. Rac1 Nd7 17. Ne4 Be7 18.
Nf3 Qc6 19. Qd2 Qxe4 20. Rc3 b5 21. Re3 Qb7 22. cxb5 axb5 23. Nd4 Nf6 24. Qb2 d5 25. Rc1 Rfc8 26. Rec3 Rxc3 27. Qxc3 Ne4 28. Qc2 Ba3 29. Rd1 Rc8 30. Qd3 b4 31. Nb5 Qb6 32. Nxa3 Qxf2+ 33. Kh1 bxa3 34. Qa6 Rc2 35. Qa8+ Kh7 0-1

[Event "*** Titled Tuesday Blitz"]
[Site "Chess.com"]
[Date "2021.04.20"]
[Round "2"]
[White "biostatistician"]
[Black "Pertinhez76"]
[Result "1-0"]
[WhiteElo "2614"]
[BlackElo "2041"]
[TimeControl "180+1"]
[EndTime "10:16:59 PDT"]
[Termination "biostatistician won by resignation"]

1. d4 Nf6 2. Nf3 e6 3. c4 d5 4.
Bg5 Nbd7 5. Nc3 c6 6. e3 Qa5 7. Nd2 Ne4 8. Ncxe4 dxe4 9. Bf4 Bb4 10. a3 Bxd2+ 11. Qxd2 Qxd2+ 12. Kxd2 f6 13. Kc3 Kf7 14.
Rd1 g5 15. Bg3 h5 16. h4 g4 17. Be2 b6 18. f3 gxf3 19. gxf3 Rg8 20. Rhg1 exf3 21.
Bxf3 Bb7 22. Bxh5+ Ke7 23. Bf3 Rac8 24. h5 Rh8 25.
Bf4 Ba6 26. b4 c5 27. dxc5 bxc5 28. b5 e5 29. Bg3 Rcg8 30. bxa6 Nb6 31. Be4 Rg4 32.
Bd5 Rxh5 33. Bf2 f5 34. Rxg4 fxg4 35. Rg1 Rh2 36. Be1 Na4+ 37. Kd3 Nb2+ 38. Ke4 Re2 39. Bh4+ Kd6 40. Rxg4 Nd1 41. Rg6+ Kc7 42. Rg7+ Kb6 43. Bg5 Kxa6 44. Kxe5 Nxe3 45. Bxe3 Rxe3+ 46. Kd6 Rxa3 47. Kxc5 Ra1 48. Kd6 Re1 49. c5 Rc1 50. c6 Kb6 51.
Rb7+ Ka6 52. c7 Rc3 53. Rb8 Rc1 54. c8=Q+ Rxc8 55. Rxc8 Kb5 56. Rb8+ Ka6 57. Kc5 Ka5 58. Rb2 1-0

[Event "*** Titled Tuesday Blitz"]
[Site "Chess.com"]
[Date "2021.04.20"]
[Round "2"]
[White "aa175"]
[Black "Piccadilly123"]
[Result "0-1"]
[WhiteElo "2430"]
[BlackElo "2232"]
[TimeControl "180+1"]
[EndTime "10:16:59 PDT"]
[Termination "Piccadilly123 won by resignation"]

1. d4 Nf6 2. Nf3 d5 3. Bf4 e6 4.
e3 c5 5. Nbd2 Nc6 6. c3 Bd6 7. Bg3 O-O 8. Bd3 Qe7 9. Ne5 h6 10. f4 Qc7 11. Ndf3 Ne7 12. Bf2 Ne4 13. Bh4 f6 14. Nc4 Nxc3 15. bxc3 dxc4 16. Be4 f5 17.
Bc2 Nd5 18. Qd2 Qa5 19. O-O Qxc3 20. Qxc3 Nxc3 21. Rfe1 b5 22. Ne5 Bxe5 23. fxe5 Bb7 24. Be7 Rfc8 25. Bxc5 Be4 26. Bd1 a5 27. a3 Rcb8 28.
Bf3 Nd5 29. Kf2 b4 30. axb4 axb4 31. Rxa8 Rxa8 32. Rb1 Bxb1 0-1

[Event "*** Titled Tuesday Blitz"]
[Site "Chess.com"]
[Date "2021.04.20"]
[Round "2"]
[White "elisak43"]
[Black "QuintilianoR"]
[Result "1-0"]
[WhiteElo "2502"]
[BlackElo "2697"]
[TimeControl "180+1"]
[EndTime "10:17:02 PDT"]
[Termination "elisak43 won by resignation"]

1. Nf3 Nf6 2. g3 e6 3. Bg2 d5 4.
O-O Be7 5. d4 O-O 6. c4 dxc4 7.
Qc2 b6 8. Ne5 Qxd4 9. Bxa8 Qxe5 10. Bf4 Qh5 11. Bg2 e5 12. Bc1 Bh3 13. f3 Nc6 14.
Qxc4 Nd4 15. Be3 Bc5 16. b4 Be6 17. Qd3 e4 18. Qd2 Bxb4 19. Qxd4 Bc5 20. Qd2 Qe5 21. Bxc5 Qxc5+ 22. Kh1 e3 23. Qc3 Qh5 24. Na3 1-0

[Event "*** Titled Tuesday Blitz"]
[Site "Chess.com"]
[Date "2021.04.20"]
[Round "2"]
[White "Aygehovit1992"]
[Black "lider34"]
[Result "1-0"]
[WhiteElo "2682"]
[BlackElo "2469"]
[TimeControl "180+1"]
[EndTime "10:17:04 PDT"]
[Termination "Aygehovit1992 won on time"]

1. Nf3 Nf6 2. b3 g6 3. Bb2 Bg7 4. g3 O-O 5. Bg2 d6 6. d4 c5 7. dxc5 dxc5 8. O-O Nc6 9. Nc3 Bf5 10. Nd2 Rc8 11.
e4 Bg4 12. f3 Qd4+ 13. Rf2 Bh6 14. Na4 Qd6 15. Nc4 Qxd1+ 16. Rxd1 b5 17. fxg4 bxc4 18. Bxf6 Be3 19. Bc3 Rfd8 20. Re1 Bxf2+ 21. Kxf2 cxb3 22. axb3 Nd4 23. Rc1 c4 24. b4 Nb5 25. Ke3 Rb8 26.
Be1 Nc7 27. Nc5 Ra8 28. Bf1 Rab8 29. Bxc4 Nb5 30. Bxb5 Rxb5 31. c4 Rbb8 32. b5 Rdc8 33. Na6 Rb7 34. Bd2 Rd7 35. c5 Rcd8 36. Rc2 Rd3+ 37.
Ke2 R3d4 38. c6 Rxe4+ 39. Be3 Re6 40. c7 Rc8 41. Rc6 Re5 42. b6 axb6 43. Rxb6 Kg7 44. Rb8 Rxc7 45. Nxc7 Ra5 46. Ne8+ Kf8 47. Bh6+ 1-0

[Event "*** Titled Tuesday Blitz"]
[Site "Chess.com"]
[Date "2021.04.20"]
[Round "2"]
[White "GameOverBro"]
[Black "suneebaker"]
[Result "1-0"]
[WhiteElo "2552"]
[BlackElo "2216"]
[TimeControl "180+1"]
[EndTime "10:17:04 PDT"]
[Termination "GameOverBro won by resignation"]

1. e4 e5 2. Nf3 Nc6 3. Bb5 a6 4. Ba4 Nf6 5. d4 exd4 6. O-O Nxe4 7. Re1 d5 8. Nxd4 Qf6 9. Bxc6+ bxc6 10. f3 Bc5 11. Be3 O-O 12. fxe4 dxe4 13. Nc3 Qg6 14. Qd2 Rd8 15. Qf2 Bg4 16. Kh1 Bd6 17. Nxc6 Re8 18. Bf4 Qf6 19. Bg3 Qxf2 20. Bxf2 f5 21. h3 Bh5 22. g4 fxg4 23. Nxe4 gxh3 24. Nxd6 cxd6 25. Kh2 Bf3 26. Nd4 Bg2 27. Rxe8+ Rxe8 28. Re1 Rb8 29. b3 Kf7 30. Bg3 Rb6 31. c4 d5 32. c5 1-0

[Event "*** Titled Tuesday Blitz"]
[Site "Chess.com"]
[Date "2021.04.20"]
[Round "2"]
[White "ChessAdvanceUSA"]
[Black "Grieve72"]
[Result "1-0"]
[WhiteElo "2325"]
[BlackElo "2482"]
[TimeControl "180+1"]
[EndTime "10:17:04 PDT"]
[Termination "ChessAdvanceUSA won by resignation"]

1. Nc3 c5 2. e4 e6 3. f4 d5 4. Bb5+ Nc6 5. d3 dxe4 6. Bxc6+ bxc6 7. dxe4 Qxd1+ 8. Nxd1 Ba6 9. Nf3 O-O-O 10. Nc3 Nf6 11. Be3 Be7 12. Rd1 Kb7 13. h3 Rxd1+ 14. Kxd1 Rd8+ 15. Kc1 Nh5 16. g4 Ng3 17. Rg1 Ne2+ 18. Nxe2 Bxe2 19. Nd2 Ka6 20. Rg2 Bb5 21. c4 Ba4 22. b3 Rd3 23. Re2 Ka5 24. bxa4 Kxa4 25. Nb3 Kb4 26. Kc2 Rc3+ 27. Kb2 Rxc4 28. Nd2 Rc3 29.
Nb1 Rc4 30. Bd2+ Kb5 31. Na3+ 1-0

[Event "*** Titled Tuesday Blitz"]
[Site "Chess.com"]
[Date "2021.04.20"]
[Round "2"]
[White "chesslh19"]
[Black "Agnes66678"]
[Result "0-1"]
[WhiteElo "2233"]
[BlackElo "2454"]
[TimeControl "180+1"]
[EndTime "10:17:04 PDT"]
[Termination "Agnes66678 won by resignation"]

1. e4 e6 2. d4 d5 3. Nd2 c5 4. exd5 Qxd5 5. Ngf3 cxd4 6. Bc4 Qd7 7. O-O Nc6 8. Nb3 Nf6 9. Nbxd4 Nxd4 10. Nxd4 a6 11. Re1 b5 12. Bb3 Bb7 13. c3 Bc5 14. Be3 O-O 15. Qe2 e5 16. Nc2 Qc6 17. f3 Rfe8 18.
Bxc5 Qxc5+ 19. Qe3 Qc7 20. Rad1 h6 21. Nb4 Rad8 22.
Rxd8 Qxd8 23. Rd1 Qc7 24. Nd5 Bxd5 25. Bxd5 Nh5 26. Bb3 Nf4 27. g3 Nh5 28. Re1 Nf6 29. Kg2 h5 30. Qe2 h4 31. Rd1 g6 32. Qe3 Kg7 33.
Qg5 hxg3 34. hxg3 Rh8 35. Qd2 Qc5 36. Qf2 Qxf2+ 37. Kxf2 Rh2+ 38. Ke3 Rxb2 39. Rd6 a5 40. Rb6 a4 41. Bxa4 Nd5+ 42. Ke4 Nxb6 0-1

[Event "*** Titled Tuesday Blitz"]
[Site "Chess.com"]
[Date "2021.04.20"]
[Round "2"]
[White "rasmussvane"]
[Black "SilviusTiberius"]
[Result "1-0"]
[WhiteElo "2879"]
[BlackElo "2575"]
[TimeControl "180+1"]
[EndTime "10:17:06 PDT"]
[Termination "rasmussvane won by resignation"]

1. Nf3 d5 2. g3 Nf6 3. Bg2 e6 4.
O-O Be7 5. c4 O-O 6. b3 b6 7. d4 Bb7 8. Nc3 Nbd7 9. Bb2 dxc4 10. bxc4 c5 11. d5 exd5 12. cxd5 Ne8 13. e4 Bf6 14. Qe2 Nc7 15. Rfe1 Re8 16. Rad1 Bxc3 17.
Bxc3 Nxd5 18. Ba1 Qe7 19. Rxd5 Bxd5 20. Qb2 Qf6 21. exd5 Rxe1+ 22. Nxe1 Re8 23. Kf1 Qg6 24. Qb5 Re7 25. h3 h5 26. Nd3 c4 27. Nf4 Qc2 28. Kg1 Qc1+ 29. Kh2 Qxa1 30. d6 Re8 31. Qxd7 Qe5 32.
Qc7 c3 33. d7 1-0

[Event "*** Titled Tuesday Blitz"]
[Site "Chess.com"]
[Date "2021.04.20"]
[Round "2"]
[White "Rsnr"]
[Black "zubridis"]
[Result "1-0"]
[WhiteElo "2785"]
[BlackElo "2522"]
[TimeControl "180+1"]
[EndTime "10:17:06 PDT"]
[Termination "Rsnr won by resignation"]

1. b3 e5 2. Bb2 Nc6 3. e3 Nf6 4. Bb5 Bd6 5. Na3 e4 6. Nc4 Be7 7. Bxc6 bxc6 8. Ne2 O-O 9. O-O d5 10. Ne5 Qe8 11. f4 exf3 12. Nxf3 a5 13. a4 c5 14. Nf4 Bb7 15. Qe2 Ne4 16. d3 Bf6 17. Bxf6 Nxf6 18. Rae1 Qe7 19. Qd2 Rfe8 20. Qc3 Qd6 21.
Nh4 Re5 22. d4 cxd4 23. exd4 Rxe1 24. Qxe1 Ne4 25. Nf5 Qb6 26. Qe3 Kh8 27. Nh5 Rg8 28. Qf4 g6 29. Nh6 Qxd4+ 30. Kh1 Rf8 31. Nxf7+ Rxf7 32. Qxf7 Nf2+ 33. Rxf2 1-0

[Event "*** Titled Tuesday Blitz"]
[Site "Chess.com"]
[Date "2021.04.20"]
[Round "2"]
[White "Roedor"]
[Black "Qvalda"]
[Result "1-0"]
[WhiteElo "2278"]
[BlackElo "2443"]
[TimeControl "180+1"]
[EndTime "10:17:06 PDT"]
[Termination "Roedor won on time"]

1. d4 d6 2. c4 g6 3. Nf3 Bg7 4. g3 e5 5. Nc3 exd4 6. Nxd4 Nc6 7. Nxc6 bxc6 8. Bg2 Ne7 9. O-O O-O 10. Bg5 Rb8 11. Rb1 Be6 12. Qd3 c5 13. b3 Bf5 14. Be4 Bxe4 15.
Nxe4 h6 16. Bd2 Nf5 17. e3 Qe8 18. Bc3 Qc6 19. Bxg7 Kxg7 20. Nc3 h5 21. h4 Qf3 22.
Qe4 Qxe4 23. Nxe4 a5 24. Nc3 Ne7 25. Rfd1 Nc6 26. Kg2 Ne5 27. Rd2 a4 28. Rdd1 axb3 29. axb3 Rb7 30. Nb5 Ra8 31. Ra1 Rxa1 32. Rxa1 Kf6 33.
Ra6 Ke7 34. Ra8 Kd7 35. Rf8 Ke7 36. Ra8 c6 37. Nc3 Rxb3 38. Ne4 1-0

[Event "*** Titled Tuesday Blitz"]
[Site "Chess.com"]
[Date "2021.04.20"]
[Round "2"]
[White "losersgame"]
[Black "1977Ivan"]
[Result "0-1"]
[WhiteElo "2341"]
[BlackElo "2727"]
[TimeControl "180+1"]
[EndTime "10:17:07 PDT"]
[Termination "1977Ivan won on time"]

1. d4 g6 2. e4 c6 3. Nc3 d5 4.
h3 Bg7 5. Nf3 dxe4 6. Nxe4 Nf6 7. Bd3 O-O 8. Be3 Nxe4 9. Bxe4 c5 10. c3 cxd4 11. Bxd4 Bxd4 12. Qxd4 Qxd4 13. Nxd4 Nd7 14.
O-O Nf6 15. Bf3 Bd7 16. Rfe1 Rfe8 17. Re5 Rab8 18. a4 Kf8 19. a5 Rec8 20. Ra3 Ne8 21. Rb3 Nd6 22. Rb4 e6 23. g4 Nc4 24. Re1 Nxa5 25.
Ra1 b6 26. Kg2 Ke7 27. Kg3 h6 28. h4 g5 29. Bg2 Kf6 30. f4 gxf4+ 31. Kf2 e5 32. g5+ hxg5 33. hxg5+ Kxg5 0-1

[Event "*** Titled Tuesday Blitz"]
[Site "Chess.com"]
[Date "2021.04.20"]
[Round "2"]
[White "Phenix2k"]
[Black "NateSolon"]
[Result "0-1"]
[WhiteElo "2261"]
[BlackElo "2641"]
[TimeControl "180+1"]
[EndTime "10:17:08 PDT"]
[Termination "NateSolon won by resignation"]

1. d4 Nf6 2. c4 e6 3. g3 d5 4. Bg2 dxc4 5. Nf3 a6 6. O-O Nc6 7. Bg5 Rb8 8. e3 Be7 9. Qe2 b5 10. b3 cxb3 11. axb3 Bb7 12. Rc1 O-O 13. Nbd2 Nd7 14.
Bxe7 Nxe7 15. Ne4 Bxe4 16. Rxa6 Qc8 17. Ra7 Rb7 18. Ra5 c6 19. Bh3 Qb8 20. Ng5 Bf5 21. Bg2 h6 22. Ne4 Bxe4 23. Bxe4 Ra7 24. Rxa7 Qxa7 25.
Kg2 Qb6 26. b4 Nf6 27. Bf3 Nfd5 28. Qd2 Ra8 29. e4 Nf6 30. e5 Nfd5 31. g4 Ra4 32. Rb1 Qa7 33. g5 hxg5 34. Bxd5 Nxd5 35. Qxg5 Qxd4 36. Rb3 Qe4+ 37. Rf3 Ra3 0-1

[Event "*** Titled Tuesday Blitz"]
[Site "Chess.com"]
[Date "2021.04.20"]
[Round "2"]
[White "davigator"]
[Black "leopato"]
[Result "1-0"]
[WhiteElo "2409"]
[BlackElo "2118"]
[TimeControl "180+1"]
[EndTime "10:17:08 PDT"]
[Termination "davigator won on time"]

1. e4 b6 2. d4 Bb7 3. Nc3 e6 4.
a3 Nf6 5. Bd3 d5 6. e5 Ne4 7.
Bxe4 dxe4 8. Qg4 Qxd4 9. Bf4 Bc5 10. Nh3 O-O 11. Rd1 Qc4 12. Bh6 g6 13. Bxf8 Bxf8 14. Ng5 Nc6 15. Qh3 h6 16. Ngxe4 Nxe5 17. Qe3 f5 18.
Nf6+ Kf7 19. Qxe5 Be7 20. Rd7 Rd8 21. Rxc7 Bc6 22. b3 Qh4 23. Rxc6 Bxf6 24. Qxe6+ Kg7 25.
Rc7+ Kh8 26. O-O Bxc3 27. Qf7 1-0

[Event "*** Titled Tuesday Blitz"]
[Site "Chess.com"]
[Date "2021.04.20"]
[Round "2"]
[White "Flopezin"]
[Black "RobertoJBM"]
[Result "0-1"]
[WhiteElo "2338"]
[BlackElo "2727"]
[TimeControl "180+1"]
[EndTime "10:17:10 PDT"]
[Termination "RobertoJBM won by resignation"]

1. c4 c6 2. e4 d5 3. exd5 cxd5 4. d4 Nf6 5. Nc3 e6 6. Nf3 Be7 7. cxd5 Nxd5 8. Bd3 O-O 9. O-O Nc6 10. Re1 Nf6 11. a3 b6 12. Bc2 Ba6 13. Bf4 Rc8 14. Rc1 Na5 15. Ne5 Nc4 16. Nxc4 Bxc4 17. Qd2 Nd5 18. Nxd5 Bxd5 19. Qd3 g6 20. Be5 Qd7 21. f3 Rfd8 22.
Qe3 Bf8 23. Bf6 Be7 24. Be5 b5 25. Qf4 Bd6 26. h4 Bxe5 27. dxe5 Bb7 28. h5 Qd4+ 29. Qxd4 Rxd4 30. hxg6 hxg6 31. Kf2 Rdc4 32. Re2 a5 33. Ke1 b4 34. axb4 axb4 35. b3 Rc3 36. Kd1 Bd5 37.
Rb1 g5 38. Rb2 R8c5 39. Kd2 g4 40. Re3 gxf3 41. gxf3 Bxf3 42. Bd3 Bd5 43. Ra2 Bxb3 44. Ra8+ Rc8 45. Ra7 R3c7 46. Rg3+ Kf8 47. Ra1 Bc2 48. Bb5 b3 49. Rf1 b2 0-1

[Event "*** Titled Tuesday Blitz"]
[Site "Chess.com"]
[Date "2021.04.20"]
[Round "2"]
[White "CrushingKings"]
[Black "ckgchess"]
[Result "1-0"]
[WhiteElo "2497"]
[BlackElo "2695"]
[TimeControl "180+1"]
[EndTime "10:17:12 PDT"]
[Termination "CrushingKings won by resignation"]

1. e4 c5 2. d4 cxd4 3. c3 Nf6 4.
e5 Nd5 5. Nf3 Nc6 6. Bc4 Nb6 7.
Bb3 d5 8. exd6 Qxd6 9. O-O Bf5 10. cxd4 e6 11. Nc3 Be7 12. Qe2 O-O 13. Rd1 Bg4 14. d5 exd5 15. Nxd5 Nxd5 16. Bxd5 Qf6 17. h3 Bxf3 18.
Qxf3 Qxf3 19. Bxf3 Bf6 20. Be3 Ne5 21. Bxb7 Rab8 22. Bd5 Rxb2 23. Bxa7 Rd8 24. Bd4 Rbb8 25. Ba7 Rb5 26. Be4 Re8 27. a4 Rb4 28. Bd5 Nd3 29.
Ra2 Nf4 30. Bc6 Rc8 31. Bf3 g6 32. Be3 Ne6 33. a5 Bd4 34. a6 Bxe3 35. fxe3 Rbb8 36. a7 Ra8 37. Bxa8 Rxa8 38. Rb1 1-0

[Event "*** Titled Tuesday Blitz"]
[Site "Chess.com"]
[Date "2021.04.20"]
[Round "2"]
[White "twitchTriniCupid"]
[Black "PowerThinking2650"]
[Result "1-0"]
[WhiteElo "2226"]
[BlackElo "2408"]
[TimeControl "180+1"]
[EndTime "10:17:12 PDT"]
[Termination "twitchTriniCupid won by resignation"]

1. d4 Nf6 2. c4 g6 3. Nc3 Bg7 4. e4 d6 5. Bg5 O-O 6. Qd2 Na6 7. f3 e5 8. d5 h6 9. Bxh6 Nxe4 10. Nxe4 Qh4+ 11.
g3 Qxh6 12. Qxh6 Bxh6 13. a3 f5 14. Nc3 Bd7 15. Nge2 Nc5 16. Rd1 Be3 17. Nc1 a5 18. Nd3 Nxd3+ 19. Bxd3 Kg7 20. Ke2 Bd4 21. Rc1 b6 22. h4 a4 23. Rc2 Rh8 24. Kf1 Kf6 25.
Kg2 Rh6 26. Ne2 Bc5 27. Ng1 Rah8 28. Nh3 Be3 29. Re2 f4 30. Ng5 Rh5 31. Ne4+ Kg7 32. Bc2 Bd4 33. Bd3 fxg3 34. Nxg3 Rxh4 35. Rxh4 Rxh4 36. Ne4 Bf5 37. Kg3 Rh1 38. Kg2 Rd1 39. Bc2 Rc1 40. Bd3 Bxe4 41. fxe4 Kf6 42. Rc2 Rd1 43. Be2 Rb1 44. Bd3 Kg5 45. Kf3 Rf1+ 46. Bxf1 Kf6 47. Bh3 Kg5 48. Bd7 Kf6 49. Bxa4 1-0

[Event "*** Titled Tuesday Blitz"]
[Site "Chess.com"]
[Date "2021.04.20"]
[Round "2"]
[White "xImpervious"]
[Black "Manukyan_Artak"]
[Result "0-1"]
[WhiteElo "2149"]
[BlackElo "2412"]
[TimeControl "180+1"]
[EndTime "10:17:12 PDT"]
[Termination "Manukyan_Artak won by resignation"]

1. e4 c6 2. d4 d5 3. f3 Nf6 4. e5 Nfd7 5. f4 e6 6. Nf3 c5 7. c3 Nc6 8. Be3 Qb6 9. Qd2 cxd4 10. Nxd4 Nxd4 11. Bxd4 Bc5 12. Na3 a6 13. b4 Bxd4 14.
Qxd4 O-O 15. Bd3 g6 16. h4 Qxd4 17. cxd4 Nb6 18. Rc1 Bd7 19. Ke2 Rfc8 20. Nc2 Bb5 21. Na1 Bxd3+ 22. Kxd3 Rc4 23. a3 Rac8 24. Nb3 Rxc1 25. Rxc1 Rxc1 26. Nxc1 Nc4 27. a4 Nb2+ 28. Kc3 Nxa4+ 29. Kb3 Nb6 30. Nd3 Nc4 31. Nc5 a5 32.
Nxb7 axb4 33. Nd6 Ne3 34. g3 Nf1 35. g4 Ne3 36. f5 gxf5 37. gxf5 Nxf5 38. Nxf5 exf5 39.
Kxb4 Kg7 40. Kc3 f6 41. e6 Kf8 42. Kb4 Ke7 43. Kc5 Kxe6 0-1

[Event "*** Titled Tuesday Blitz"]
[Site "Chess.com"]
[Date "2021.04.20"]
[Round "2"]
[White "AungTZ"]
[Black "Valeron87"]
[Result "0-1"]
[WhiteElo "2131"]
[BlackElo "2411"]
[TimeControl "180+1"]
[EndTime "10:17:12 PDT"]
[Termination "Valeron87 won by resignation"]

1. e4 c5 2. Nf3 Nc6 3. Bb5 e6 4. O-O Nge7 5. Re1 Nd4 6. Bf1 Nxf3+ 7. Qxf3 d5 8. b3 d4 9. Bb2 Ng6 10. e5 Qc7 11. Qg3 Be7 12. c3 dxc3 13. Nxc3 Bd7 14.
Nb5 Qb6 15. Nd6+ Bxd6 16. exd6 O-O 17. h4 f6 18. h5 Nh8 19. Rad1 e5 20. Bc4+ Nf7 21.
Rxe5 Qxd6 22. Re3 Qxg3 23. Rxg3 Kh8 24. h6 Nxh6 25. d4 Nf5 26. dxc5 Nxg3 27. Rxd7 Nf5 28. Rxb7 Rfc8 29. b4 a5 30. Be6 axb4 31. Bxf5 Rxc5 32.
Rxb4 Rxf5 33. Bd4 h5 34. a4 Rd5 35. Rb5 Rxd4 0-1

[Event "*** Titled Tuesday Blitz"]
[Site "Chess.com"]
[Date "2021.04.20"]
[Round "2"]
[White "Gerodot71"]
[Black "abhidabhi"]
[Result "1-0"]
[WhiteElo "2575"]
[BlackElo "2815"]
[TimeControl "180+1"]
[EndTime "10:17:13 PDT"]
[Termination "Gerodot71 won by resignation"]

1. d4 Nf6 2. c4 c5 3. d5 b5 4. cxb5 a6 5. bxa6 Bxa6 6. Nc3 d6 7. e4 Bxf1 8. Kxf1 g6 9. g3 Bg7 10. Nf3 O-O 11. Kg2 Nbd7 12. a4 Qb6 13. Qc2 Rfb8 14. Ra3 Ng4 15. Rd1 Nge5 16. Nd2 h5 17. h3 h4 18. f4 hxg3 19. fxe5 Nxe5 20. Nb5 c4 21. Rxg3 Rc8 22. Nb1 Nd3 23. N1c3 Be5 24. Be3 Qa5 25. Rf3 Qb4 26. Bc1 Kg7 27. Rdf1 f6 28. Kh1 Rc5 29. Rg1 Rh8 30. Qg2 g5 31. Bxg5 Kf8 32. Bxf6 Bxf6 33. Qg7+ Ke8 34. Qxh8+ Bxh8 35. Rg8+ Kd7 36. Rff8 Rxb5 37.
Rd8+ Kc7 38. Nxb5+ Kb6 39. Rb8+ Ka5 40. Ra8+ Kb6 41.
Rgb8+ Kc5 42. Rc8+ Kb6 43. Rc6+ Kb7 44. Ra7+ Kb8 45.
Rb6+ Kc8 46. Rc7+ 1-0

[Event "*** Titled Tuesday Blitz"]
[Site "Chess.com"]
[Date "2021.04.20"]
[Round "2"]
[White "elohunter1999"]
[Black "seorobert1971"]
[Result "0-1"]
[WhiteElo "2488"]
[BlackElo "2717"]
[TimeControl "180+1"]
[EndTime "10:17:13 PDT"]
[Termination "seorobert1971 won on time"]

1. d4 Nf6 2. c4 g6 3. Nc3 Bg7 4. e4 O-O 5. Nf3 d6 6. Be2 Bg4 7. Ng1 Bd7 8. Nf3 Nc6 9. O-O e5 10. Be3 Ng4 11. Bg5 f6 12. Bh4 g5 13. Bg3 Nh6 14. h3 Kh8 15. dxe5 fxe5 16. Qd2 g4 17.
hxg4 Nxg4 18. Rad1 Qe8 19. c5 Qh5 20. cxd6 Nd4 21.
Nxd4 exd4 22. Nd5 cxd6 23. Bxd6 Rf7 24. Bg3 Raf8 25. Bxg4 Qxg4 26. Rfe1 h5 27. e5 h4 28. Bf4 Bc6 29. f3 Qg6 30. Nf6 Bxf3 31. Rf1 Bxd1 32. Qxd1 h3 33. Qf3 Qxg2+ 34. Qxg2 hxg2 35. Kxg2 Rxf6 36.
exf6 Rxf6 37. Kg3 Kg8 38. Rd1 Rb6 39. b3 Kf7 40. Kf3 Ra6 41. Rd2 Re6 42. a4 a6 43.
Bb8 Kg6 44. Ba7 Re3+ 45. Kf4 Rxb3 46. Bxd4 Bh6+ 0-1

[Event "*** Titled Tuesday Blitz"]
[Site "Chess.com"]
[Date "2021.04.20"]
[Round "2"]
[White "maxip32"]
[Black "Kapibara_Warri0r"]
[Result "1-0"]
[WhiteElo "2525"]
[BlackElo "2232"]
[TimeControl "180+1"]
[EndTime "10:17:13 PDT"]
[Termination "maxip32 won by checkmate"]

1. e4 e5 2. Nf3 Nc6 3. d4 exd4 4.
Nxd4 Nf6 5. Nxc6 bxc6 6. e5 Qe7 7. Qe2 Nd5 8. c4 Ba6 9. b3 g6 10. f4 Bg7 11. Qf2 Nb6 12. Bb2 d6 13. Be2 dxe5 14. O-O Qe6 15. Qc5 O-O-O 16. fxe5 h5 17. Bf3 Bb7 18. a4 Kb8 19. a5 Nd7 20. Qb4 Bxe5 21.
a6 Nb6 22. Re1 c5 23. Qb5 Bd4+ 24. Kf1 Qf5 25. axb7 Bxb2 26. Rxa7 Qd3+ 27. Kg1 Bd4+ 28. Kh1 Rhe8 29. Ra8+ Nxa8 30. bxa8=Q# 1-0

[Event "*** Titled Tuesday Blitz"]
[Site "Chess.com"]
[Date "2021.04.20"]
[Round "2"]
[White "Reader777"]
[Black "MaevskiyNikolay"]
[Result "1-0"]
[WhiteElo "2706"]
[BlackElo "2476"]
[TimeControl "180+1"]
[EndTime "10:17:14 PDT"]
[Termination "Reader777 won by checkmate"]

1. d4 d5 2. c4 Nc6 3. cxd5 Qxd5 4. e3 e5 5. Nc3 Bb4 6. Bd2 Bxc3 7. bxc3 Qd6 8. f3 Nf6 9. Bd3 O-O 10. Ne2 b6 11. O-O Bb7 12. Be1 Rad8 13. Bf2 Rfe8 14. Ng3 g6 15. Rc1 Na5 16. e4 c5 17. d5 c4 18. Bc2 Nd7 19. Qd2 Bc8 20. Be3 Nc5 21.
f4 Ba6 22. fxe5 Qxe5 23. Bd4 Qe7 24. Qh6 Qf8 25. Nf5 Rd7 26. Qg5 h5 27. e5 Kh7 28.
Nd6 Rxd6 29. exd6 Ne4 30. Bxe4 Rxe4 31. d7 Nb7 32. Rce1 Rxe1 33. Rxe1 Qd6 34. Re8 f6 35. Qxf6 Qxf6 36. Bxf6 g5 37. Rb8 Nc5 38. d8=Q Kg6 39. Qe7 Kf5 40. Qe5+ Kg6 41. Qxg5+ Kf7 42. Qg7# 1-0

[Event "*** Titled Tuesday Blitz"]
[Site "Chess.com"]
[Date "2021.04.20"]
[Round "2"]
[White "The_filthy"]
[Black "Goryachkina"]
[Result "0-1"]
[WhiteElo "2422"]
[BlackElo "2660"]
[TimeControl "180+1"]
[EndTime "10:17:14 PDT"]
[Termination "Goryachkina won by resignation"]

1. e4 c5 2. Nf3 e6 3. d4 cxd4 4. Nxd4 a6 5. Bd3 Nc6 6. Nb3 Nf6 7. Nc3 d6 8. O-O Be7 9. a3 O-O 10. Be3 Bd7 11. f4 b5 12. Kh1 Rc8 13. Rf3 e5 14.
f5 b4 15. Na4 d5 16. Rg3 dxe4 17.
Bh6 g6 18. Bc4 Bxf5 19. Bxf8 Qxf8 20. Nb6 Rd8 21. Qe2 Nd4 22. Nxd4 exd4 23. axb4 Bd6 24. Rg5 Qh6 25. g4 Nxg4 26. Rxg4 Bxg4 27. Qf2 Bf3+ 28. Kg1 Qg5+ 29. Kf1 Bxb4 30. Rxa6 Qc1+ 0-1